 Dungeon Crawl Stone Soup version 0.27.0-65-ge2af304b15 (webtiles) character file.

Game seed: 12271311872544492074

32 SpoonFarmer the Conjurer (level 3, -5/26 HPs)
             Began as a Draconian Conjurer on Aug 18, 2021.
             Killed from afar by Ijyb (12 damage)
             ... with an iceblast
             ... on level 2 of the Dungeon.
             The game lasted 00:01:38 (1505 turns).

SpoonFarmer the Conjurer (Draconian Conjurer)       Turns: 1505, Time: 00:01:39

Health: -5/26      AC:  5    Str:  9    XL:     3   Next: 10%
Magic:  0/7        EV: 12    Int: 19    God:
Gold:   69         SH:  0    Dex:  9    Spells: 4/7 levels left

rFire    . . .     SeeInvis .   c - +0 spear
rCold    . . .     Faith    .   (no shield)
rNeg     . . .     Spirit   .   (armour unavailable)
rPois    .         Reflect  .   (helmet restricted)
rElec    .         Harm     .   (no cloak)
rCorr    .         Rampage  .   (no gloves)
Will     .....                  (no boots)
Stlth    ++........             (no amulet)
HPRegen  0.08/turn              (no ring)
MPRegen  0.10/turn              (no ring)

@: flying
A: AC +5, unfitting armour, cold-blooded
a: no special abilities


You were on level 2 of the Dungeon.
You visited 1 branch of the dungeon, and saw 2 of its levels.

You collected 69 gold pieces.

Inventory:

Hand Weapons
 c - a +0 spear (weapon)


   Skills:
 - Level 1.7 Dodging
 - Level 1.7 Stealth
 + Level 2.7 Spellcasting
 + Level 4.5 Conjurations


You had 4 spell levels left.
You knew the following spells:

 Your Spells              Type           Power      Damage    Failure   Level
a - Magic Dart            Conj           76%        1d6       2%          1
b - Searing Ray           Conj           38%        3d4       3%          2

Your spell library contained the following spells:

 Spells                   Type           Power      Damage    Failure   Level
 Dazzling Flash           Conj/Hex       22%        N/A       19%         3
 Fulminant Prism          Conj/Hex       5%         3d7       52%         4
 Iskenderun's Mystic Bla  Conj/Tloc      11%        2d4       52%         4


Dungeon Overview and Level Annotations

Branches:
Dungeon (2/15)

Altars:

Annotations:
D:2 Ijyb


Innate Abilities, Weirdness & Mutations

Your plain brown scales are hard. (AC +5)
You cannot fit into any form of body armour.
You are cold-blooded and may be slowed by cold attacks.


Message History

You are too injured to fight recklessly!
You are too injured to fight recklessly!
You are too injured to fight recklessly!
You are too injured to fight recklessly!
You are too injured to fight recklessly!
Unknown command.
Casting: Searing Ray (safe; 3% risk of failure)
Confirm with . or Enter, or press ? or * to list all spells.
Aiming: Searing Ray (safe; 3% risk of failure)
Press: ? - help, Shift-Dir - straight line, f/p - Ijyb
Aim: Ijyb, wielding a +0 dagger, wearing a +0 leather armour and carrying a wand of iceblast (9) (lightly wounded, 72% to hit)
The searing ray hits Ijyb but does no damage.
Ijyb is lightly wounded. (Press . to maintain the ray.) Ijyb misses you.
The searing ray misses Ijyb.
Ijyb hits you but does no damage.
The searing ray hits Ijyb.
Ijyb is moderately wounded.
Ijyb closely misses you.
The searing ray misses Ijyb.
You finish channeling your searing ray.
Ijyb closely misses you.
Casting: Searing Ray (safe; 3% risk of failure)
Confirm with . or Enter, or press ? or * to list all spells.
Aiming: Searing Ray (safe; 3% risk of failure)
Press: ? - help, Shift-Dir - straight line, f/p - Ijyb
Aim: Ijyb, wielding a +0 dagger, wearing a +0 leather armour and carrying a wand of iceblast (9) (moderately wounded, 72% to hit)
The searing ray hits Ijyb!
Ijyb is severely wounded. (Press . to maintain the ray.) Ijyb hits you with a +0 dagger.
Unknown command.
It was a potion of flight.
You feel very buoyant.
You fly up into the air.
Ijyb hits you with a +0 dagger.
* * * LOW HITPOINT WARNING * * *
As you read the scroll labelled HEOKHA WEMYE, it crumbles to dust.
The creatures around you are filled with an inner flame!
It was a scroll of immolation.
Ijyb barely misses you.
Ijyb zaps a wand.
The mass of ice explodes!
The iceblast engulfs you!
You die...

#...# ##...###
#......#
#......#
#......#
#######......#
.8.8.8.......#
......g.@....#
........##.###
........##.#
........##)#
........##)#
.8.8.8..##)#
############)#
.........# #.#
########.###.#


You could see Ijyb (inner flame).

Vanquished Creatures
  2 endoplasms
  8 goblins
  2 hobgoblins
  5 jackals (D:1)
  3 ball pythons (D:1)
  2 bats (D:1)
  3 frilled lizards (D:1)
  2 kobolds
  4 rats
31 creatures vanquished.

Notes
Turn   | Place    | Note
-------+----------+-------------------------------------------
     0 | D:1      | SpoonFarmer the Draconian Conjurer began the quest for the
                  | Orb.
     0 | D:1      | Reached XP level 1. HP: 14/14 MP: 3/3
     6 | D:1      | Noticed a four-headed hydra
     6 | D:1      | Noticed a killer bee
     6 | D:1      | Noticed a lindwurm
     6 | D:1      | Noticed a black bear
     6 | D:1      | Noticed an anaconda
   105 | D:1      | Found a faded altar of an unknown god.
   385 | D:1      | Reached XP level 2. HP: 20/20 MP: 1/5
   393 | D:1      | Learned a level 2 spell: Searing Ray
  1400 | D:2      | Noticed Ijyb
  1417 | D:2      | Reached XP level 3. HP: 26/26 MP: 1/7
  1505 | D:2      | Killed from afar by Ijyb

Illustrated notes

Levels and vault maps discovered:
D:1:      onia_arrival_zoo_common, layout_loops_ring,
          ebering_ecumenical_altar_sacrificial
D:2:      kennysheep_the_goblin_king, layout_basic

Action                   || total
-------------------------++-------
Melee: Dagger            ||    52
       Tailslap          ||     7
       Spear             ||    40
 Cast: Magic Dart        ||    17
       Searing Ray       ||     6
  Use: Scroll            ||     1
       Potion            ||     1
 Stab: Sleeping          ||     2
Armor: Skin              ||    32
Dodge: Dodged            ||    59
